 Dungeon Crawl Stone Soup version 0.29-a0-1047-g7c58e119a4 (webtiles) character file.

Game seed: 11653194105873188043

9 greasedhog the Ruffian (level 2, 0/16 HPs)
             Began as a Gargoyle Transmuter on Aug 17, 2022.
             Slain by Natasha (8 damage)
             ... on level 2 of the Dungeon.
             The game lasted 00:00:25 (137 turns).

greasedhog the Ruffian (Gargoyle Transmuter)         Turns: 137, Time: 00:00:25

Health: 0/16       AC:  4    Str: 13    XL:     2   Next: 12%
Magic:  4/5        EV: 11    Int: 13    God:
Gold:   0          SH:  0    Dex: 10    Spells: 4/5 levels left

rFire   . . .      SeeInvis .     - Unarmed
rCold   . . .      Faith    .   (no shield)
rNeg    + . .      Spirit   .   a - +0 robe
rPois   ∞          Reflect  .   (helmet currently unavailable)
rElec   +          Harm     .   (no cloak)
rCorr   .          Rampage  .   (no gloves)
Will    .....                   (boots currently unavailable)
Stlth   +.........              (no amulet)
HPRegen 0.05/turn               (no ring)
MPRegen 0.09/turn               (no ring)

@: appendages, slowed, very slow
A: horns 2, talons 2, sickness immunity, AC +2, negative energy resistance 1,
electricity resistance, torment resistance 1, petrification resistance
a: End Transformation


You were on level 2 of the Dungeon.
You had temporarily grown beastly horns and talons.
You visited 1 branch of the dungeon, and saw 2 of its levels.

Inventory:

Armour
 a - a +0 robe (worn)
Scrolls
 c - a scroll of blinking {unknown}
Potions
 b - a potion of lignification
 d - a potion of mutation {unknown}


   Skills:
 - Level 1.1 Fighting
 - Level 1.5 Dodging
 * Level 3.3 Unarmed Combat
 - Level 2.0 Spellcasting
 * Level 2.0 Transmutations


You had 4 spell levels left.
You knew the following spells:

 Your Spells              Type           Power      Damage    Failure   Level
a - Beastly Appendage     Tmut           12%        N/A       11%         1

Your spell library contained the following spells:

 Spells                   Type           Power      Damage    Failure   Level
 Wereblood                Tmut           6%         N/A       17%         2
 Spider Form              Tmut/Pois      3%         N/A       45%         3
 Ice Form                 Ice/Tmut       3%         N/A       86%         4


Dungeon Overview and Level Annotations

Branches:
Dungeon (1/15)

Altars:

Annotations:
D:2 Natasha


Innate Abilities, Weirdness & Mutations

You have temporarily grown beastly horns and talons.
You are immune to sickness and miasma.
Your stone body is resilient. (AC +2)
You are immune to poison.
You resist negative energy. (rN+)
You are resistant to electric shocks. (rElec)
You are resistant to unholy torment.
You are immune to petrification.


Message History

You hit the adder. You claw the adder, but do no damage.
The adder is moderately wounded.
The adder closely misses you.
You hit the adder.
The adder is moderately wounded.
The adder bites you. The adder closely misses you.
You miss the adder.
The adder is moderately wounded.
The adder closely misses you.
You miss the adder. You headbutt the adder.
The adder is almost dead.
Your transformation is almost over.
The adder bites you but does no damage.
You hit the adder.
You kill the adder!
Your Transmutations skill increases to level 2!
You have reached level 2!
Your horns disappear.
Your talons disappear.
Magic restored.
HP restored.
Natasha, Servant of Life and Death comes into view.
Natasha hisses angrily.
An endoplasm comes into view.
The endoplasm quivers.
You grow a pair of large bovine horns.
Your feet morph into talons.
Natasha stares at you and mumbles some strange words.
You feel yourself slow down.
You closely miss Natasha. Your headbutt misses Natasha.
Natasha closely misses you. The endoplasm freezes you.
You are frozen.
Natasha claws you.
You hit Natasha. Your kick misses Natasha.
Natasha is lightly wounded.
The endoplasm completely misses you. Natasha misses you.
The endoplasm hits you.
You hit the endoplasm.
You kill the endoplasm!
Natasha claws you!
Ouch! That really hurt!
You die...

#.#####.# .........#
#.#.....# .........#
#.#.##### .........#
#.#.# ........#
#.#.# ###......##
#.#.# ..........#
#.#.# #...h...#
#.#.# #....@..#
#.#.# #.......#
#.#.#
#######.######.#.#
#........#.#
###############..#.#
...............>#.#
#...........#.##.#
#...........#.##.#
#...........#.##.#


You could see Natasha.

Vanquished Creatures
  An adder (D:2)
  An endoplasm (D:2)
2 creatures vanquished.

Notes
Turn   | Place    | Note
-------+----------+-------------------------------------------
     0 | D:1      | greasedhog the Gargoyle Transmuter began the quest for the
                  | Orb.
     0 | D:1      | Reached XP level 1. HP: 12/12 MP: 3/3
     7 | D:1      | You fall into a shaft and drop 1 floor!
    58 | D:2      | Reached XP level 2. HP: 13/16 MP: 3/5
   131 | D:2      | Noticed Natasha
   137 | D:2      | Slain by Natasha

Illustrated notes

Levels and vault maps discovered:
D:1:      minmay_arrival_diagonal_passages, layout_basic,
          hellmonk_ecumenical_altar_heavens_door
D:2:      layout_basic, uniq_sigmund, uniq_natasha, uniq_terence

Skill      XL: |  1 |
---------------+----+-----
Transmutations | 2 |  2.0
Fighting       | |  1.1
Dodging        | |  1.5
Unarmed Combat | |  3.3
Spellcasting   | |  2.0

Action                   || total
-------------------------++-------
Melee: Unarmed           ||     9
       Kick              ||     1
       Headbutt          ||     1
 Cast: Beastly Appendage ||     2
Armor: Robe              ||     1
Dodge: Dodged            ||     7

Table legend: (Time is in decaauts)
 A = Elapsed time spent in this place.
 B = Non-inter-level travel time spent in this place.
 C = Inter-level travel time spent in this place.
 D = Time resting spent in this place.
 E = Time spent auto-exploring this place.
 F = Levels seen in this place.
 G = Mean time per level.
                   A        B        C        D        E       F      G
               +--------+--------+--------+--------+--------+-----+--------+
         Total |    137 |    137 |      0 |      0 |    117 |   2 |   68.5 |
       Dungeon |    137 |    137 |      0 |      0 |    117 |   2 |   68.5 |
               +--------+--------+--------+--------+--------+-----+--------+

Top non-repeatable levels by time:
     D:2: 130 daAuts
     D:1: 7 daAuts
